 Dungeon Crawl Stone Soup version 0.29.1-1-gd02db6906a (webtiles) character file.

Game seed: 14041677209185960168

7 Jakudza the Gusty (level 2, 15/15 HPs)
             Began as a Tengu Air Elementalist on Sept 16, 2022.
             Got out of the dungeon alive.
             The game lasted 00:01:09 (283 turns).

Jakudza the Gusty (Tengu Air Elementalist)           Turns: 283, Time: 00:01:09

Health: 15/15      AC:  2    Str:  8    XL:     2   Next: 0%
Magic:  6/6        EV: 12    Int: 15    God:
Gold:   5          SH:  5    Dex: 14    Spells: 4/5 levels left

rFire   . . .      SeeInvis .   (no weapon)
rCold   . . .      Faith    .   (no shield)
rNeg    . . .      Spirit   .   a - +0 robe
rPois   .          Reflect  +   (helmet restricted)
rElec   .          Harm     .   (no cloak)
rCorr   .          Rampage  .   (no gloves)
Will    .....                   (boots unavailable)
Stlth   ++........              d - amulet of reflection
HPRegen 0.05/turn               (no ring)
MPRegen 0.10/turn               (no ring)

@: no status effects
A: beak, talons 3
a: no special abilities


You escaped.
You visited 1 branch of the dungeon, and saw 1 of its levels.

You collected 5 gold pieces.

Inventory:

Armour
 a - a +0 robe (worn)
Jewellery
 d - an amulet of reflection (around neck)
Potions
 b - a potion of magic
 c - a potion of degeneration {unknown}


   Skills:
 + Level 2.3 Dodging
 + Level 2.1 Stealth
 + Level 2.1 Spellcasting
 + Level 1.7 Conjurations
 + Level 4.1 Air Magic


You had 4 spell levels left.
You knew the following spells:

 Your Spells              Type           Power      Damage    Failure   Level
a - Shock                 Conj/Air       40%        1d5       7%          1

Your spell library contained the following spells:

 Spells                   Type           Power      Damage    Failure   Level
 Static Discharge         Conj/Air       10%        3-5/arc   10%         2
 Swiftness                Air            14%        N/A       12%         3
 Airstrike                Air            7%         2d(1-17)  36%         4


Dungeon Overview and Level Annotations

Branches:
Dungeon (1/15)

Altars:


Innate Abilities, Weirdness & Mutations

You have a beak for a mouth.
You have claws for feet.


Message History

The zap misses you.
You have reached level 2!
d - an amulet of reflection You see here a +0 sling.
You see here a ball python corpse.
You now have 5 gold pieces.
You start putting on your amulet.
You continue putting on your amulet of reflection. x5
You finish putting on your amulet of reflection.
You feel a shielding aura gather around you.
d - an amulet of reflection (around neck)
Found an escape hatch in the floor.
Found a stone staircase leading down.
You open the door.
There is an open door here.
Found 4 curare-tipped darts.
Unknown command.
Unknown command.
Unknown command.
Unknown command.
Unknown command.
Unknown command.
Annotate which branch? (. - D:1, ? - help, ! - show branch list)
Okay, then.
Unknown command.
No other quiver actions available for cycling.
Annotate which branch? (. - D:1, ? - help, ! - show branch list)
Okay, then.
Unknown command.
Saving game... please wait.
Welcome back, Jakudza the Tengu Air Elementalist.
Press ? for a list of commands and other information.
Unknown command.
There is an open door here.
You see here a +0 leather armour.
There is a staircase leading out of the dungeon here.
You can't go down here!
Are you sure you want to leave the Dungeon?
This will make you lose the game!
Uppercase [Y]es or [N]o only, please.
Are you sure you want to leave the Dungeon?
This will make you lose the game!
You have escaped!

.....#. #.#.....##
#.#......#
#.#......# #.#
#....# #.#.##...#
#.#⌠.....#
..#####.#####..####
.......@....[.....#
..#####.#####..##.#
#.#⌠.....##.######
#.#.##...#.......#
#.# #....#######..
#.#......# #..
#.#......# #..
#.#.....## #..
......# #..


There were no monsters in sight!

Vanquished Creatures
  A dart slug (D:1)
  A ball python (D:1)
  A bat (D:1)
  An endoplasm (D:1)
4 creatures vanquished.

Notes
Turn   | Place    | Note
-------+----------+-------------------------------------------
     0 | D:1      | Jakudza the Tengu Air Elementalist began the quest for the
                  | Orb.
     0 | D:1      | Reached XP level 1. HP: 10/10 MP: 4/4
   200 | D:1      | Reached XP level 2. HP: 15/15 MP: 4/6
   283 | D:$      | Got out of the dungeon alive.

Illustrated notes

Levels and vault maps discovered:
D:1:      matt_arrival_grand_opening, layout_loops_corners,
          dreamdust_ecumenical_altar_grove, minmay_cupped

Action                   || total
-------------------------++-------
 Cast: Shock             ||     7
Dodge: Dodged            ||     4
